 Dungeon Crawl Stone Soup version 0.27.1-34-g3ba077fa99 (webtiles) character file.

Game seed: 12371628214678630033

39 Naeght the Covered (level 3, 0/31 HPs)
             Began as a Gnoll Wanderer on Nov 30, 2021.
             Succumbed to a goblin's poison
             ... on level 1 of the Dungeon on Jan 7, 2022.
             The game lasted 00:04:43 (2161 turns).

Naeght the Covered (Gnoll Wanderer)                 Turns: 2161, Time: 00:04:43

Health: 0/31       AC:  3    Str: 12    XL:     3   Next: 45%
Magic:  7/7        EV: 11    Int: 10    God:
Gold:   95         SH:  0    Dex: 12    Spells: 7/7 levels left

rFire    . . .     SeeInvis .   a - +2 mace
rCold    . . .     Faith    .   (no shield)
rNeg     . . .     Spirit   .   h - +0 leather armour
rPois    .         Reflect  .   (no helmet)
rElec    .         Harm     .   (no cloak)
rCorr    .         Rampage  .   (no gloves)
Will     .....                  (no boots)
Stlth    ++........             (no amulet)
HPRegen  0.10/turn              (no ring)
MPRegen  0.10/turn              (no ring)

@: lethally poisoned (0 -> -7)
A: fangs 1, strong nose, distributed training
a: no special abilities


You were on level 1 of the Dungeon.
You visited 1 branch of the dungeon, and saw 2 of its levels.

You collected 95 gold pieces.

Inventory:

Hand Weapons
 a - a +2 mace (weapon)
Armour
 h - a +0 leather armour (worn)
Scrolls
 b - a scroll of teleportation
 d - a scroll of identify {unknown}
 e - a scroll of holy word {unknown}
 g - a scroll of magic mapping {unknown}
Potions
 c - a potion of lignification
 f - a potion of curing {unknown}


   Skills:
 + Level 4.5 Fighting
 + Level 0.8 Short Blades
 + Level 0.8 Long Blades
 + Level 0.8 Axes
 + Level 2.6 Maces & Flails
 + Level 0.8 Polearms
 + Level 0.8 Staves
 + Level 0.8 Slings
 + Level 0.8 Bows
 + Level 0.8 Crossbows
 + Level 0.8 Throwing
 + Level 4.5 Armour
 + Level 0.8 Dodging
 + Level 2.4 Stealth
 + Level 0.8 Shields
 + Level 0.8 Unarmed Combat
 + Level 2.8 Spellcasting
 + Level 0.5 Conjurations
 + Level 0.5 Hexes
 + Level 0.5 Summonings
 + Level 0.5 Necromancy
 + Level 0.5 Translocations
 + Level 0.5 Transmutations
 + Level 0.5 Fire Magic
 + Level 3.7 Ice Magic
 + Level 0.5 Air Magic
 + Level 0.5 Earth Magic
 + Level 0.5 Poison Magic
 + Level 1.0 Invocations
 + Level 2.6 Evocations


You had 7 spell levels left.
You didn't know any spells.
Your spell library was empty.

Dungeon Overview and Level Annotations

Branches:
Dungeon (2/15)

Altars:
Ru


Innate Abilities, Weirdness & Mutations

You have very sharp teeth.
Your uncanny sense of smell can sniff out nearby items.
Your experience applies equally to all skills.


Message History

You feel very sick.
The goblin hits you with a +2 dagger of venom.
You are more poisoned.
The worm bites you!
You are too injured to fight recklessly!
You are too injured to fight recklessly!
You are too injured to fight recklessly!
You are too injured to fight recklessly!
You are too injured to fight recklessly!
You are too injured to fight recklessly!
You are too injured to fight recklessly!
You are too injured to fight recklessly!
You are too injured to fight recklessly!
You are too injured to fight recklessly!
You are too injured to fight recklessly!
You are too injured to fight recklessly!
You are too injured to fight recklessly!
You are too injured to fight recklessly!
You are too injured to fight recklessly!
You are too injured to fight recklessly!
You are too injured to fight recklessly!
You are too injured to fight recklessly!
You are too injured to fight recklessly!
You are too injured to fight recklessly!
You are too injured to fight recklessly!
You are too injured to fight recklessly!
You are too injured to fight recklessly!
You are too injured to fight recklessly!
You are too injured to fight recklessly!
You are too injured to fight recklessly!
* * * LOW HITPOINT WARNING * * *
You feel very sick. The goblin barely misses you.
You climb upwards.
* * * LOW HITPOINT WARNING * * *
You feel very sick.
There is a stone staircase leading down here.
* * * LOW HITPOINT WARNING * * *
You feel sick.
You die...

'....##........##.#........#
#....##........##.#........#
#....##........##.######..##
#'#####........##.# #..# ...#
#........##.# #..# ...#
###########'## #..# ...#
########....######'#######
...#####.....##.................#
...#........#.##@#..............#
...#..........##..........>......
...#........##.g##...............
...'........##.w##.########......
...#..........##...# ######......
####........#.##.#.# #...........
#.....######....# #...........
####### #....# #..#####....
#....# #..#...#.###


You could see a worm and a goblin.

Vanquished Creatures
  An adder (D:2)
  A dart slug (D:1)
  7 bats
  2 goblins
  4 hobgoblins (D:1)
  3 jackals (D:2)
  2 quokkas (D:1)
  A ball python (D:1)
  2 frilled lizards
  A kobold (D:1)
  2 rats (D:1)
26 creatures vanquished.

Notes
Turn   | Place    | Note
-------+----------+-------------------------------------------
     0 | D:1      | Naeght the Gnoll Wanderer began the quest for the Orb.
     0 | D:1      | Naeght set off with the following items: a +2 mace, a
                  | scroll of teleportation, a potion of lignification, a +0
                  | robe
     0 | D:1      | Reached XP level 1. HP: 20/20 MP: 4/4
   233 | D:1      | Reached XP level 2. HP: 8/26 MP: 5/5
   868 | D:1      | Found a faded altar of an unknown god.
  1145 | D:1      | Upgraded the game from 0.27.1-33-g824d729ab1 to
                  | 0.27.1-34-g3ba077fa99
  1495 | D:2      | Reached XP level 3. HP: 26/31 MP: 7/7
  1841 | D:2      | Found a sacrificial altar of Ru.
  1863 | D:2      | HP: 1/31 [jackal (3)]
  1866 | D:2      | Reached skill level 1 in Invocations
  2161 | D:1      | Succumbed to a goblin's poison

Illustrated notes

Levels and vault maps discovered:
D:1:      lightli_arrival_maybe_door_vault, layout_basic,
          ebering_ecumenical_altar_rust, minmay_misc_feat_room, minivault_11,
          st_stairs_7
D:2:      layout_rooms, basic_altar, minmay_heptomino_l4

Skill      XL: |  1  2  3 |
---------------+----------+-----
Invocations    | 1 |  1.0
Fighting       | |  4.5
Short Blades   | |  0.8
Long Blades    | |  0.8
Axes           | |  0.8
Maces & Flails | |  2.6
Polearms       | |  0.8
Staves         | |  0.8
Slings         | |  0.8
Bows           | |  0.8
Crossbows      | |  0.8
Throwing       | |  0.8
Armour         | |  4.5
Dodging        | |  0.8
Stealth        | |  2.4
Shields        | |  0.8
Unarmed Combat | |  0.8
Spellcasting   | |  2.8
Conjurations   | |  0.5
Hexes          | |  0.5
Summonings     | |  0.5
Necromancy     | |  0.5
Translocations | |  0.5
Transmutations | |  0.5
Fire Magic     | |  0.5
Ice Magic      | |  3.7
Air Magic      | |  0.5
Earth Magic    | |  0.5
Poison Magic   | |  0.5
Evocations     | |  2.6

Action                   || total
-------------------------++-------
Melee: Mace              ||    80
       Bite              ||     6
 Stab: Sleeping          ||     3
Armor: Robe              ||    10
       Leather armour    ||    13
Dodge: Dodged            ||    80
